 Dungeon Crawl Stone Soup version 0.22-a0-113-gdd6f4a9 (webtiles) character file.

3531 DakAttack the Grappler (level 9, -1/87 HPs)
             Began as a Troll Monk on Jan 28, 2018.
             Was a Believer of Wu Jian.
             Slain by an eight-headed hydra (8 damage)
             ... on level 8 of the Dungeon.
             The game lasted 00:11:51 (5669 turns).

DakAttack the Grappler (Troll Monk)                 Turns: 5669, Time: 00:11:52

Health: -1/87      AC:  8    Str: 23    XL:     9   Next: 82%
Magic:  8/8        EV: 13    Int:  6    God:    Wu Jian [**....]
Gold:   331        SH:  0    Dex: 19    Spells: 8/8 levels left

rFire    . . .     SeeInvis .     - Unarmed
rCold    . . .     Gourm    +   (no shield)
rNeg     . . .     Faith    .   p - +2 robe {MR+}
rPois    +         Spirit   .   (helmet restricted)
rElec    .         Reflect  .   j - +0 cloak
rCorr    .         Harm     .   (gloves unavailable)
MR       +....                  (boots unavailable)
Stlth    ++........             w - amulet of magic regeneration
HPRegen  0.64/turn              m - +6 ring of dexterity
MPRegen  0.36/turn              q - ring of poison resistance

@: no status effects
A: large, unfitting armour, claws 3, fast metabolism 3, gourmand, regeneration
1, shaggy fur 1, tough skin 2
a: Wall Jump, Renounce Religion


You were on level 8 of the Dungeon.
You worshipped Wu Jian.
Wu Jian was pleased with you.
You were not hungry.

You visited 2 branches of the dungeon, and saw 9 of its levels.

You collected 331 gold pieces.

Inventory:

Armour
 j - a +0 cloak (worn)
 p - a +2 robe of magic resistance (worn)
Jewellery
 a - an uncursed ring of protection from fire
 m - a +6 ring of dexterity (left claw)
 n - an uncursed ring of resist corrosion
 q - a ring of poison resistance (right claw)
 t - an uncursed ring of magical power {unknown}
 w - an amulet of magic regeneration (around neck)
Wands
 f - a wand of iceblast (7)
 l - a wand of paralysis (11)
 y - a wand of random effects (34)
Scrolls
 k - 2 scrolls of amnesia
 r - 5 scrolls of teleportation
 s - 2 scrolls of remove curse
 v - a scroll of magic mapping
Potions
 c - a potion of flight {unknown}
 d - 4 potions of curing
 e - 2 potions of lignification {unknown}
 g - 3 potions of agility
 h - a potion of heal wounds {unknown}
 i - a potion of degeneration {unknown}
 o - a potion of cancellation {unknown}
 u - a potion of haste
 z - 2 potions of brilliance {unknown}
 A - a potion of ambrosia {unknown}
Books
 x - a book of Minor Magic

   Spells                             Type                      Level
   a - Magic Dart                     Conjuration                  1
   b - Blink                          Translocation                2
   c - Call Imp                       Summoning                    2
   d - Slow                           Hexes                        2
   e - Conjure Flame                  Conjuration/Fire             3
   f - Mephitic Cloud                 Conjuration/Poison/Air       3
Comestibles
 b - 13 rations


   Skills:
 * Level 4.9 Fighting
 + Level 4.7 Dodging
 + Level 2.3 Stealth
 * Level 11.8 Unarmed Combat


You had 8 spell levels left.
You didn't know any spells.

Dungeon Overview and Level Annotations

Branches:
Dungeon (8/15)             Temple (1/1) D:7
   Lair: D:8-11

Altars:
Ashenzari
Cheibriados
Dithmenos
Fedhas
Gozag
Hepliaklqana
Kikubaaqudgha
Makhleb
Nemelex Xobeh
Okawaru
Qazlal
Ru
Sif Muna
Trog
Uskayaw
Vehumet
Wu Jian
Xom
Yredelemnul
Zin
The Shining One

Shops:
D:5 *   D:8 *


Innate Abilities, Weirdness & Mutations

You are too large for most types of armour.
You have claws for hands.
Your metabolism is lightning-fast.
You like to eat raw meat.
Your natural rate of healing is unusually fast.
You are covered in fur. (AC +1)
You have very tough skin. (AC +2)


Message History

* * * LOW HITPOINT WARNING * * *
The six-headed hydra bites you.
* * * LOW HITPOINT WARNING * * *
Unknown command.
Aiming: Wall Jump
Press: ? - help, Dir - move target cursor
There is an open gate here.
You close the gate.
A big kobold opens the gate.
You tear one of the six-headed hydra's heads off!
The five-headed hydra grows two more!
You claw the seven-headed hydra!
The seven-headed hydra is moderately wounded.
You rip one of the seven-headed hydra's heads off!
The six-headed hydra grows two more!
You claw the eight-headed hydra!
The eight-headed hydra is moderately wounded.
The eight-headed hydra bites you.
* * * LOW HITPOINT WARNING * * *
The eight-headed hydra barely misses you.
The eight-headed hydra bites you!
You die...

##########
#.)+.P≈PP#
#%.#≈≈)≈P#
#'##P≈P†≈########
#..#.....#÷†....#
#.KD@...≈..###..#
#..'.P...### #..#
#..'....≈# ##.##
#..#.....# ##.##
############.##
#....## ##..##
##...# .. #....##
....


You could see an eight-headed hydra and a big kobold.

Vanquished Creatures
  Grinder (D:5)
  2 dream sheep (D:8)
  2 yaks (D:8)
  Eustachio (D:5)
  2 water moccasins (D:5)
  2 ice beasts (D:5)
  2 ogres (D:7)
  A necrophage (D:8)
  2 centaurs
  2 big kobolds (D:8)
  A bullfrog (D:6)
  3 scorpions
  6 killer bees
  3 crimson imps
  4 hounds
  4 orc priests
  Crazy Yiuf (D:7)
  A bullfrog skeleton (D:6)
  A centaur skeleton (D:4)
  7 iguanas
  6 orc wizards
  3 worker ants (D:4)
  A hound zombie (D:7)
  A worker ant zombie (D:8)
  Robin (D:2)
  9 adders
  3 shadow imps
  An ooze (D:5)
  2 worms (D:2)
  7 dart slugs
  3 leopard geckos (D:2)
  25 orcs
  6 bats
  4 giant cockroaches
  12 goblins
  13 hobgoblins
  5 jackals
  8 kobolds
  4 quokkas
  4 ball pythons
  4 frilled lizards
  8 rats
178 creatures vanquished.

Notes
Turn   | Place    | Note
-------+----------+-------------------------------------------
     0 | D:1      | DakAttack the Troll Monk began the quest for the Orb.
     0 | D:1      | Reached XP level 1. HP: 22/22 MP: 0/0
    79 | D:1      | Reached XP level 2. HP: 27/29 MP: 1/1
   691 | D:1      | Reached XP level 3. HP: 36/36 MP: 2/2
   831 | D:2      | Noticed Robin
   839 | D:2      | Killed Robin
   851 | D:2      | Reached skill level 4 in Unarmed Combat
  1016 | D:2      | Reached XP level 4. HP: 36/44 MP: 3/3
  1874 | D:4      | Reached XP level 5. HP: 52/52 MP: 4/4
  1880 | D:4      | Reached skill level 5 in Unarmed Combat
  2222 | D:4      | Reached XP level 6. HP: 33/61 MP: 5/5
  2357 | D:4      | Reached skill level 6 in Unarmed Combat
  2935 | D:5      | Entered Level 5 of the Dungeon
  3136 | D:5      | Reached XP level 7. HP: 60/67 MP: 6/6
  3173 | D:5      | Noticed Grinder
  3174 | D:5      | Reached skill level 7 in Unarmed Combat
  3175 | D:5      | Noticed Eustachio
  3197 | D:5      | Killed Eustachio
  3205 | D:5      | Paralysed by Grinder for 4 turns
  3210 | D:5      | Killed Grinder
  3210 | D:5      | Reached skill level 8 in Unarmed Combat
  3352 | D:5      | Found Uhosuy's Serpentskin Sales.
  3358 | D:5      | Reached XP level 8. HP: 74/78 MP: 7/7
  3460 | D:5      | Reached skill level 9 in Unarmed Combat
  4213 | D:7      | Reached skill level 10 in Unarmed Combat
  4291 | D:7      | Reached XP level 9. HP: 70/84 MP: 8/8
  4639 | D:7      | Found a runed door.
  4704 | D:7      | Found a staircase to the Ecumenical Temple.
  4844 | D:7      | Noticed Crazy Yiuf
  4847 | D:7      | Killed Crazy Yiuf
  4900 | Temple   | Entered the Ecumenical Temple
  5022 | Temple   | Became a worshipper of the Wu Jian Council
  5022 | Temple   | Reached * piety under Wu Jian
  5022 | Temple   | Reached ** piety under Wu Jian
  5261 | D:8      | Found Huty's Assorted Antiques.
  5401 | D:8      | Reached skill level 11 in Unarmed Combat
  5659 | D:8      | Noticed a three-headed hydra
  5669 | D:8      | Slain by an eight-headed hydra

Vault maps used:
D:1:      minmay_arrival_checkered_box
D:2:      minmay_ruptured, uniq_robin
D:5:      first_ration, guppyfry_shop_venom, uniq_grinder, uniq_eustachio
D:7:      temple_hall, uniq_crazy_yiuf_cottage
D:8:      serial_shops, shop, hangedman_ranch, grunt_ministairs_1
Temple:   kilobyte_greek_temple

Skill      XL: |  1  2  3  4  5  6  7  8  9 |
---------------+----------------------------+-----
Unarmed Combat | 4 5 6 8 10 11 | 11.8
Dodging        | 3 4 |  4.7
Fighting       | 3 4 |  4.9
Stealth        | 2 |  2.3

Action                   |  1- 3 |  4- 6 |  7- 9 || total
-------------------------+-------+-------+-------++-------
Melee: Unarmed           |   112 |   166 |   237 ||   515
       Punch             |       |     5 |    12 ||    17
Invok: Lunge             |       |       |     6 ||     6
       Whirlwind         |       |       |     3 ||     3
       Wall Jump         |       |       |     1 ||     1
 Abil: Wall Jump         |       |       |     2 ||     2
  Use: Scroll            |     3 |    14 |     1 ||    18
       Potion            |       |       |     2 ||     2
 Stab: Sleeping          |     1 |     2 |     4 ||     7
       Distracted        |       |       |     1 ||     1
  Eat: Chunk             |     6 |    15 |    16 ||    37
       Ration            |       |     1 |     3 ||     4
Armor: Robe              |    47 |    54 |    56 ||   157
Dodge: Dodged            |    75 |    81 |   132 ||   288

Table legend:
 A = Spawn XP
 B = Non-spawn XP
 C = Spawn XP percentage of total XP
 D = Spawn monster count
 E = Non-spawn monster count
 F = Spawn count percentage of total count
 G = Total turns spent on level
                    A         B        C        D         E        F      G
               +---------+---------+-------+---------+---------+-------+---------
         Total |       0 |    5045 |   0.0 |       0 |     178 |   0.0 |  5669
               +---------+---------+-------+---------+---------+-------+---------
           D:1 |       0 |      41 |   0.0 |       0 |      23 |   0.0 |   727
           D:2 |       0 |     118 |   0.0 |       0 |      38 |   0.0 |   685
           D:3 |       0 |      32 |   0.0 |       0 |      13 |   0.0 |   398
           D:4 |       0 |     443 |   0.0 |       0 |      22 |   0.0 |  1125
           D:5 |       0 |    1561 |   0.0 |       0 |      26 |   0.0 |   832
           D:6 |       0 |     230 |   0.0 |       0 |       8 |   0.0 |   323
           D:7 |       0 |     860 |   0.0 |       0 |      25 |   0.0 |   976
           D:8 |       0 |    1760 |   0.0 |       0 |      23 |   0.0 |   435
               +---------+---------+-------+---------+---------+-------+---------
